 Dungeon Crawl Stone Soup version 0.28.0 (webtiles) character file.

Game seed: 11756693342547234215

124 HallandMoats the Skirmisher (level 5, -2/47 HPs)
             Began as a Ghoul Monk on Feb 12, 2022.
             Was a Believer of Ru.
             Slain by a steam dragon (10 damage)
             ... on level 4 of the Dungeon.
             The game lasted 00:03:21 (2902 turns).

HallandMoats the Skirmisher (Ghoul Monk)            Turns: 2902, Time: 00:03:22

Health: -2/47      AC:  5    Str: 15    XL:     5   Next: 8%
Magic:  4/4        EV: 11    Int:  5    God:    Ru [**....]
Gold:   136        SH:  0    Dex: 13    Spells: 4/4 levels left

rFire   . . .      SeeInvis .     - Unarmed
rCold   + . .      Faith    .   (no shield)
rNeg    + + +      Spirit   .   j - +0 ring mail
rPois   ∞          Reflect  .   (no helmet)
rElec   .          Harm     .   (no cloak)
rCorr   .          Rampage  .   (no gloves)
Will    .....                   (no boots)
Stlth   +.........              (no amulet)
HPRegen 0.00/turn               (no ring)
MPRegen 0.09/turn               (no ring)

@: inhibited regen
A: claws 1, cold resistance 1, negative energy resistance 3, inhibited
regeneration, torment resistance 2, inability to use devices
a: Renounce Religion


You were on level 4 of the Dungeon.
You worshipped Ru.
Ru was pleased with you.
You visited 1 branch of the dungeon, and saw 4 of its levels.

You collected 136 gold pieces.

Inventory:

Armour
 j - a +0 ring mail (worn)
Scrolls
 b - a scroll of enchant weapon
 h - a scroll of magic mapping
Potions
 c - a potion of curing {unknown}
 d - 2 potions of mutation
 e - a potion of heal wounds {unknown}
 g - a potion of degeneration {unknown}
 i - a potion of flight {unknown}


   Skills:
 * Level 4.4 Fighting
 + Level 1.4 Armour
 + Level 3.2 Dodging
 - Level 2.1 Stealth
 * Level 4.4 Unarmed Combat


You had 4 spell levels left.
You didn't know any spells.
Your spell library contained the following spells:

 Spells                   Type           Power      Damage    Failure   Level
 Summon Small Mammal      Summ           0%         N/A       71%         1
 Call Canine Familiar     Summ           0%         N/A       97%         3
 Summon Guardian Golem    Hex/Summ       0%         N/A       97%         3
 Summon Hydra             Summ           0%         N/A       100%        7
 Sublimation of Blood     Necr           Unusable   N/A       N/A         2
 Wereblood                Tmut           Unusable   N/A       N/A         2

Dungeon Overview and Level Annotations

Branches:
Dungeon (4/15)
 Temple: D:4-7

Altars:
Ru


Innate Abilities, Weirdness & Mutations

You thrive by killing the living.
You are immune to poison.
You have sharp fingernails.
Your flesh is cold resistant. (rC+)
You are immune to negative energy. (rN+++)
You do not regenerate when monsters are visible.
You are immune to unholy pain and torment.
You cannot study or use magical devices.


Message History

The adder closely misses you.
You claw the adder!
The adder is heavily wounded.
The adder closely misses you. The adder bites you.
You barely miss the adder.
The adder is heavily wounded.
The adder bites you.
You claw the adder!
You kill the adder!
You feel better. The orc hits you with a +0 falchion.
You have reached level 5!
You feel stronger.
You barely miss the steam dragon. The orc misses you.
The steam dragon breathes steam at you. The ball of steam hits you!
You scratch the steam dragon.
The steam dragon is lightly wounded.
You are engulfed in a cloud of scalding steam.
The orc barely misses you.
The steam dragon is stunned by your conviction and fails to attack.
You scratch the steam dragon but do no damage.
The steam dragon is lightly wounded.
You are engulfed in a cloud of scalding steam.
The orc hits you with a +0 falchion.
You scratch the steam dragon.
The steam dragon is moderately wounded.
The steam dragon barely misses you. The steam dragon claws you.
The orc closely misses you.
You scratch the steam dragon.
The steam dragon is moderately wounded.
You are engulfed in a cloud of scalding steam.
* * * LOW HITPOINT WARNING * * *
The steam dragon completely misses you. The steam dragon claws you.
* * * LOW HITPOINT WARNING * * *
The orc hits you with a +0 falchion.
* * * LOW HITPOINT WARNING * * *
You closely miss the steam dragon.
The steam dragon is moderately wounded.
The steam dragon bites you!
You die...

.........#.###.....####.#
####...............#
#########..#...##
#..#..## ♣ ♣♣♣##....##
♣.♣.......## ♣.......##
♣♣....o.# ♣♣..@D.#
♣♣###.# #..# #.D# #..#
..........# ..........#
....o.....# ......S..##


You could see a steam dragon (catching breath) and an orc.

Vanquished Creatures
  5 adders
  A worm (D:2)
  2 dart slugs (D:3)
  6 endoplasms
  3 giant cockroaches
  6 goblins
  10 hobgoblins
  7 kobolds
  5 quokkas
  7 ball pythons
  5 bats
  6 frilled lizards
  5 rats
68 creatures vanquished.

Vanquished Creatures (others)
  An endoplasm (D:2)
1 creature vanquished.

Grand Total: 69 creatures vanquished

Notes
Turn   | Place    | Note
-------+----------+-------------------------------------------
     0 | D:1      | HallandMoats the Ghoul Monk began the quest for the Orb.
     0 | D:1      | Reached XP level 1. HP: 19/19 MP: 0/0
   409 | D:1      | Reached XP level 2. HP: 22/26 MP: 1/1
   516 | D:1      | Found a faded altar of an unknown god.
   535 | D:1      | Prayed at the altar of an unknown god.
   535 | D:1      | Became a worshipper of Ru the Awakened
   558 | D:1      | Gained mutation: You cannot study or use magical devices.
                  | [Ru sacrifice]
   558 | D:1      | Reached * piety under Ru
   558 | D:1      | Reached ** piety under Ru
  1272 | D:2      | Reached XP level 3. HP: 33/33 MP: 2/2
  1750 | D:2      | Reached skill level 1 in Armour
  2007 | D:2      | Reached XP level 4. HP: 37/40 MP: 3/3
  2874 | D:4      | Noticed a steam dragon
  2897 | D:4      | Reached XP level 5. HP: 44/47 MP: 4/4
  2902 | D:4      | Slain by a steam dragon

Illustrated notes

Levels and vault maps discovered:
D:1:      minmay_arrival_diagonal_passages, layout_basic,
          shapermc_ecumenical_altar_totnotflames
D:2:      layout_basic
D:3:      layout_rooms, grunt_ministairs_13, patterned_corridor
D:4:      layout_rooms, nicolae_wu_jian_immortal_techniques,
          minmay_temple_entry_waves, serial_shops, shop, kennysheep_nub,
          uniq_crazy_yiuf_cottage, uniq_blork_the_orc, uniq_menkaure

Skill      XL: |  1  2  3 |
---------------+----------+-----
Armour         | 1 |  1.4
Dodging        | 3 |  3.2
Fighting       | 4 |  4.4
Unarmed Combat | 4 |  4.4
Stealth        | |  2.1

Action                   |  1- 3 |  4- 6 || total
-------------------------+-------+-------++-------
Melee: Unarmed           |   113 |    83 ||   196
       Punch             |       |     1 ||     1
Invok: Sacrifice Artific |     1 |       ||     1
  Use: Scroll            |       |     3 ||     3
 Stab: Sleeping          |     3 |     6 ||     9
       Invisible         |     1 |       ||     1
Armor: Robe              |    20 |    11 ||    31
       Ring mail         |       |    10 ||    10
Dodge: Dodged            |    63 |    48 ||   111
